 Dungeon Crawl Stone Soup version 0.30-b1-2-g02819fbbbe (webtiles) character file.

Game seed: 5776729684267184268

2145 Alarkh the Skirmisher (level 9, -11/59 HPs)
             Began as a Demonspawn Hexslinger on July 8, 2023.
             Was a Follower of Uskayaw.
             Killed from afar by a gargoyle (27 damage)
             ... with a stone arrow
             ... on level 7 of the Dungeon.
             The game lasted 00:15:03 (6471 turns).

Alarkh the Skirmisher (Demonspawn Hexslinger)       Turns: 6471, Time: 00:15:04

Health: -11/59     AC:  6    Str: 10    XL:     9   Next: 9%
Magic:  14/16      EV: 12    Int: 19    God:    Uskayaw [*.....]
Gold:   127        SH:  0    Dex: 14    Spells: 11/18 levels left

rFire   + . .        a - +3 triple crossbow
rCold   + . .        (shield currently unavailable)
rNeg    . . .        d - +1 robe {rC+ rF+}
rPois   .            (no helmet)
rElec   .            (no cloak)
rCorr   .            (no gloves)
SInv    .            (no boots)
Will    .....        (no amulet)
Stlth   +            (no ring)
HPRegen 0.29/turn    (no ring)
MPRegen 0.15/turn

%: no passive effects
@: about to teleport
A: slimy green scales 2, powered by death 1
a: Renounce Religion, Stomp


You were on level 7 of the Dungeon.
You worshipped Uskayaw.
Uskayaw was noncommittal.
You visited 2 branches of the dungeon, and saw 8 of its levels.

You collected 347 gold pieces.
You spent 220 gold pieces at shops.

Inventory:

Hand Weapons
 a - a +3 triple crossbow (weapon)
 i - a +2 sling
 n - a +0 shortbow
Armour
 c - a +0 robe
 d - a +1 robe of resistance (worn)
Wands
 g - a wand of roots (7)
 j - a wand of polymorph (6)
 l - a wand of charming (13)
Scrolls
 b - a scroll of enchant armour {unknown}
 e - a scroll of amnesia {unknown}
 f - a scroll of fear
 h - 2 scrolls of magic mapping
 p - a scroll of teleportation
Potions
 k - a potion of mutation {unknown}
 m - a potion of attraction
 q - a potion of flight
 r - a potion of magic
 s - 2 potions of haste {unknown}


   Skills:
 - Level 1.0 Fighting
 * Level 8.5 Ranged Weapons
 - Level 1.7 Dodging
 + Level 5.1 Spellcasting
 + Level 6.3 Hexes


You had 11 spell levels left.
You knew the following spells:

 Your Spells              Type           Power      Damage    Failure   Level
a - Inner Flame           Hex/Fire       16%        N/A       10%         3
b - Slow                  Hex            100%       N/A       1%          1
c - Portal Projectile     Hex/Tloc       32%        N/A       10%         3

Your spell library contained the following spells:

 Spells                   Type           Power      Damage    Failure   Level
 Cause Fear               Hex            14%        N/A       9%          4
 Beastly Appendage        Tmut           8%         N/A       12%         1
 Shock                    Conj/Air       16%        1d4       12%         1
 Sting                    Tmut/Pois      16%        1d3       12%         1
 Poisonous Vapours        Pois/Air       8%         N/A       19%         2
 Scorch                   Fire           8%         2d5       19%         2
 Static Discharge         Conj/Air       8%         2-3/arc   19%         2
 Wereblood                Tmut           4%         N/A       19%         2
 Leda's Liquefaction      Hex/Erth       8%         N/A       32%         4
 Call Canine Familiar     Summ           4%         N/A       36%         3
 Mephitic Cloud           Conj/Pois/Air  4%         N/A       36%         3
 Spider Form              Tmut/Pois      4%         N/A       36%         3
 Swiftness                Air            4%         N/A       36%         3
 Airstrike                Air            2%         2d(1-17)  77%         4
 Flame Wave               Conj/Fire      4%         2d5       77%         4
 Olgreb's Toxic Radiance  Pois           4%         N/A       77%         4
 Summon Lightning Spire   Summ/Air       4%         N/A       77%         4
 Freezing Cloud           Conj/Ice/Air   2%         6-21      98%         5
 Summon Cactus Giant      Summ           2%         N/A       100%        6


Dungeon Overview and Level Annotations

Branches:
Dungeon (7/15)             Temple (1/1) D:6

Altars:
Ashenzari
Cheibriados
Fedhas
Hepliaklqana
Makhleb
Nemelex Xobeh
Okawaru
Qazlal
Ru
Sif Muna
Trog
Uskayaw
Vehumet
Wu Jian
Xom
Yredelemnul

Shops:
D:5 (![?

Annotations:
D:5 2 transporters, LordXaan's ghost, amateur DECj
D:6 3 runed translucent doors, Thantalas's ghost, novice GnIE


Innate Abilities, Weirdness & Mutations

You are mostly covered in slimy green scales. (AC +3)
You regenerate a little health from kills.


Message History

A gargoyle comes into view. It is wielding a +0 flail.
A gargoyle is nearby!
A gargoyle is nearby!
You shoot a bolt. The bolt hits the gargoyle!
The gargoyle is heavily damaged.
You shoot a bolt.
The bolt hits the gargoyle but does no damage.
The gargoyle is heavily damaged.
The gargoyle hurls a stone arrow at you.
The stone arrow misses you.
The gargoyle hurls a stone arrow at you.
The stone arrow hits you!
Okay, then.
Okay, then.
Casting: Inner Flame (dangerous; 10% risk of failure)
Confirm with . or Enter, or press ? or * to list all spells.
Aiming: Inner Flame (dangerous; 10% risk of failure)
Press: ? - help, Dir - move target, f/p - gargoyle
Aim: a gargoyle, wielding a +0 flail (heavily damaged, chance to affect: 53%)
The gargoyle is filled with an inner flame.
You are now empty-handed.
The gargoyle hurls a stone arrow at you.
The stone arrow hits you.
a - a +3 triple crossbow (weapon)
The gargoyle hurls a stone arrow at you.
The stone arrow hits you!!
* * * LOW HITPOINT WARNING * * *
As you read the scroll of teleportation, it crumbles to dust.
You feel strangely unstable.
Okay, then.
Fire: a) +3 triple crossbow
Press: ? - help, Q - select action, (/) - cycle Shift-Dir - straight line, f/p - gargoyle
Aim: a gargoyle, wielding a +0 flail (heavily damaged, inner flame, 76% to hit)
You shoot a bolt. The bolt hits the gargoyle!
Flame seeps out of the gargoyle.
The gargoyle is severely damaged.
The gargoyle is engulfed in blazing flames.
Flame seeps out of the gargoyle.
The gargoyle hurls a stone arrow at you.
The stone arrow hits you!!
You die...

..........))....#. #.#######.###
......########..#.##.#.........#
#'#.### #..#..#.#.#####.###
#.#.# #..##.#.#.# ### #.#.#
#.........# #.#.#
######+###.#.### #.#.#
...........#.# #.#.#
..........##.# #.#.#
........@.+... .....
..........##.# . .......9.....>.
# ######'######## .. # .~~ . ..#
#)~≈ ###..# #.~≈ .....# #.~≈


You could see a gargoyle (inner flame).

Vanquished Creatures
  A water moccasin (D:6)
  4 black bears
  An ice beast (D:6)
  A sky beast (D:7)
  An orc warrior (D:6)
  An ogre (D:5)
  2 centaurs
  5 phantoms
  2 kobold brigands (D:7)
  2 scorpions
  5 hounds
  2 orc priests
  2 jellies
  An iguana (D:4)
  2 orc wizards (D:6)
  5 adders
  3 gnolls (D:7)
  2 white imps
  A worm (D:1)
  4 dart slugs
  17 orcs
  8 ball pythons
  7 endoplasms
  6 giant cockroaches
  3 goblins
  5 hobgoblins
  2 jackals (D:1)
  3 quokkas
  6 bats
  5 frilled lizards
  14 kobolds
  6 rats
129 creatures vanquished.

Vanquished Creatures (others)
  2 fungi (D:6)
  A plant (D:6)
3 creatures vanquished.

Grand Total: 132 creatures vanquished

Notes
Turn   | Place    | Note
-------+----------+-------------------------------------------
     0 | D:1      | Alarkh the Demonspawn Hexslinger began the quest for the
                  | Orb.
     0 | D:1      | Reached XP level 1. HP: 15/15 MP: 2/2
   142 | D:1      | Reached skill level 2 in Ranged Weapons
   185 | D:1      | Gained mutation: You regenerate a little health from kills.
                  | [demonic ancestry]
   185 | D:1      | Reached XP level 2. HP: 17/21 MP: 3/3
   528 | D:1      | Reached skill level 3 in Ranged Weapons
   747 | D:2      | Found a broken altar of Ashenzari.
   759 | D:2      | Gained mutation: You are partially covered in slimy green
                  | scales. (AC +2) [demonic ancestry]
   759 | D:2      | Reached XP level 3. HP: 26/26 MP: 4/4
  1238 | D:3      | Reached XP level 4. HP: 32/32 MP: 5/5
  1242 | D:3      | Learned a level 3 spell: Inner Flame
  1250 | D:3      | Reached skill level 4 in Ranged Weapons
  1331 | D:3      | Noticed a black bear
  1981 | D:4      | Reached XP level 5. HP: 19/37 MP: 5/7
  2107 | D:4      | Noticed a black bear
  2631 | D:4      | Reached skill level 5 in Ranged Weapons
  2660 | D:4      | Learned a level 3 spell: Portal Projectile
  2686 | D:5      | Entered Level 5 of the Dungeon
  2699 | D:5      | Found a transporter.
  3041 | D:4      | Killed a black bear
  3042 | D:4      | Reached XP level 6. HP: 6/43 MP: 2/9
  3476 | D:5      | Found a transporter.
  3508 | D:5      | Noticed LordXaan's ghost (amateur DECj)
  3528 | D:5      | Reached XP level 7. HP: 48/48 MP: 7/11
  3589 | D:5      | Reached skill level 6 in Ranged Weapons
  3829 | D:5      | Found Zoeps's Armour Shop.
  3843 | D:5      | Found Nivow's Magic Scroll Shop.
  3845 | D:5      | Found Failoutz's Distillery.
  3846 | D:5      | Found Hiepoh's Antique Weapon Shop.
  3862 | D:5      | Bought a triple crossbow for 220 gold pieces
  4256 | D:6      | Found a staircase to the Ecumenical Temple.
  4276 | D:6      | Reached skill level 5 in Hexes
  4276 | D:6      | Gained mutation: You are mostly covered in slimy green
                  | scales. (AC +3) [demonic ancestry]
  4276 | D:6      | Reached XP level 8. HP: 48/54 MP: 2/13
  4303 | D:6      | Reached skill level 7 in Ranged Weapons
  4470 | D:6      | HP: 1/54 [centaur/arrow (8)]
  5060 | Temple   | Entered the Ecumenical Temple
  5329 | Temple   | Became a worshipper of Uskayaw the Reveller
  5405 | D:6      | Found a runed translucent gate.
  5406 | D:6      | Found a runed translucent gate.
  5406 | D:6      | Noticed Thantalas's ghost (novice GnIE)
  5407 | D:6      | Found a runed translucent gate.
  5586 | D:7      | Reached * piety under Uskayaw
  5651 | D:7      | Reached skill level 8 in Ranged Weapons
  6155 | D:7      | Reached skill level 5 in Spellcasting
  6155 | D:7      | Reached XP level 9. HP: 59/59 MP: 13/16
  6220 | D:7      | Reached ** piety under Uskayaw
  6461 | D:7      | Noticed a gargoyle
  6471 | D:7      | Killed from afar by a gargoyle

Illustrated notes

Levels and vault maps discovered:
D:1:      scummos_arrival_simple_fountains, layout_basic
D:2:      layout_rooms, basic_altar, hangedman_decor_push,
          nicolae_concentric_dashed_squares_wild
D:3:      layout_rooms
D:4:      layout_basic, grunt_decor_fettered, nrook_uturn
D:5:      layout_basic, gammafunk_ghost_mausoleum, minmay_shop_grid_forest
D:6:      layout_loops_ring, minmay_temple_entry_waves,
          gammafunk_ghost_nasty_kobolds, minivault_23
D:7:      minmay_razor_zed, layout_basic, nrook_pool_corridor
Temple:   regret_index_temple_chain_breaker

Skill      XL: |  1  2  3  4  5  6  7  8 |
---------------+-------------------------+-----
Ranged Weapons | 2 3 4 5 6 8 |  8.5
Spellcasting   | 2 3 5 |  5.1
Hexes          | 4 5 6 |  6.3
Fighting       | |  1.0
Dodging        | |  1.7

Action                     |  1- 3 |  4- 6 |  7- 9 || total
---------------------------+-------+-------+-------++-------
   Fire: Sling             |   139 |   125 |   205 ||   469
         Triple crossbow   |       |       |    39 ||    39
   Cast: Inner Flame       |       |     9 |    23 ||    32
    Use: Scroll            |     3 |     4 |    10 ||    17
         Potion            |       |     4 |     2 ||     6
 Armour: Robe              |    16 |    29 |    40 ||    85
         Skin              |       |    11 |    29 ||    40
  Dodge: Dodged            |    21 |    43 |    85 ||   149
